 Dungeon Crawl Stone Soup version 0.20-a0-229-ge6e0e65 (webtiles) character file.

2206 AlphabetPasta the Conjurer (level 9, -6/79 HPs)
             Began as a Troll Conjurer on Nov 29, 2016.
             Mangled by a wyvern (12 damage)
             ... on level 6 of the Dungeon.
             The game lasted 00:34:36 (5977 turns).

AlphabetPasta the Conjurer (Troll Conjurer)         Turns: 5977, Time: 00:34:36

Health: -6/79      AC:  8    Str: 18    XL:     9   Next: 12%
Magic:  12/23      EV: 10    Int: 14    God:
Gold:   310        SH:  0    Dex: 14    Spells: 11/17 levels left

rFire  + . .     SeeInvis .     d - staff of fire
rCold  . . .     Gourm    +     a - +0 robe
rNeg   . . .     Faith    .     (no shield)
rPois  .         Spirit   .     (helmet restricted)
rElec  .         Reflect  .     k - +2 cloak
rCorr  .         Harm     .     (gloves unavailable)
MR     .....                    (boots unavailable)
Stlth  ++........               (no amulet)
                                p - ring of magical power
                                o - +4 ring of dexterity

@: no status effects
A: unfitting armour, claws 3, fast metabolism 3, gourmand, regeneration 1,
shaggy fur 1, tough skin 2
a: no special abilities


You were on level 6 of the Dungeon.
You were completely stuffed.

You visited 1 branch of the dungeon, and saw 6 of its levels.
You also visited: Sewer.

You collected 310 gold pieces.

Inventory:

Armour
 a - a +0 robe (worn)
 k - a +2 cloak (worn)
Magical Staves
 d - an uncursed staff of fire (weapon)
Jewellery
 o - a +4 ring of dexterity (left claw)
 p - a ring of magical power (right claw)
Wands
 u - a wand of lightning (12/15)
Scrolls
 i - 4 scrolls of teleportation
 q - a scroll of fog
 r - a scroll of blinking
 t - 2 scrolls of remove curse
 x - 2 scrolls of identify
Potions
 g - 3 potions of haste
 h - 2 potions of curing
 j - 2 potions of agility
 l - a potion of might
 m - 2 potions of flight
Books
 b - a book of Conjurations

   Spells                             Type                      Level
   a - Magic Dart                     Conjuration                  1
   b - Searing Ray                    Conjuration                  2
   c - Dazzling Spray                 Conjuration/Hexes            3
   d - Fulminant Prism                Conjuration/Hexes            4
   e - Iskenderun's Mystic Blast      Conjuration                  4
   f - Iskenderun's Battlesphere      Conjuration/Charms           5
 w - a book of Minor Magic

   Spells                             Type                      Level
   a - Magic Dart                     Conjuration                  1
   b - Blink                          Translocation                2
   c - Call Imp                       Summoning                    2
   d - Repel Missiles                 Charms/Air                   2
   e - Slow                           Hexes                        2
   f - Conjure Flame                  Conjuration/Fire             3
   g - Mephitic Cloud                 Conjuration/Poison/Air       3
Comestibles
 c - 3 bread rations
 f - 2 meat rations
 n - 8 chunks of flesh
 s - 2 slices of pizza
 v - 2 beef jerkies


   Skills:
 - Level 2.1 Fighting
 - Level 2.1 Dodging
 - Level 1.0 Stealth
 + Level 3.5 Unarmed Combat
 * Level 4.5 Spellcasting
 * Level 6.3 Conjurations
 * Level 3.0 Fire Magic


You had 11 spell levels left.
You knew the following spells:

 Your Spells              Type           Power        Failure   Level  Hunger
a - Magic Dart            Conj           ###.         1%          1    None
b - Searing Ray           Conj           ###...       1%          2    ##.....
c - Conjure Flame         Conj/Fire      ###.....     10%         3    ###....


Dungeon Overview and Level Annotations

Branches:
Dungeon (6/15)
 Temple: D:4-7

Altars:
Cheibriados
Elyvilon
Fedhas
Kikubaaqudgha
Okawaru
Qazlal
Xom
Yredelemnul


Innate Abilities, Weirdness & Mutations

You are too large for most types of armour.
You have claws for hands.
Your metabolism is lightning-fast.
You like to eat raw meat.
Your natural rate of healing is unusually fast.
You are covered in fur. (AC +1)
You have very tough skin. (AC +2)


Message History

The searing ray hits the wyvern.
The wyvern is severely wounded.
You finish channeling your searing ray.
The wyvern bites you.
* * * LOW HITPOINT WARNING * * *
The wyvern bites you but does no damage.
You feel better.
The wyvern bites you but does no damage.
Casting: Searing Ray
Confirm with . or Enter, or press ? or * to list all spells.
Aiming: Searing Ray
Press: ? - help, Shift-Dir - straight line, f/p - wyvern
Aim: a wyvern (severely wounded)
The searing ray hits the wyvern.
The wyvern is almost dead.
The wyvern bites you!
* * * LOW HITPOINT WARNING * * *
The wyvern bites you!!
* * * LOW HITPOINT WARNING * * *
The searing ray misses the wyvern.
The wyvern bites you!
You die...

### #.. .. #.# ....
#######.#### ##.....
...........# .......
######[##.###.#.....
#@##.##........
......l!##.##..#.⌠.⌠.
#######.##...........
#.#####..#.....#.
#.#####....._....#
#........#.....#..
#.................
#######..#.⌠.⌠.#.#
#...........


You could see a wyvern.

Vanquished Creatures
  Prince Ribbit (D:5)
  A human (D:3)
  Menkaure (D:4)
  2 ice beasts (D:5)
  A sky beast (D:5)
  A centaur (D:5)
  4 big kobolds (Sewer)
  A bullfrog (D:6)
  A scorpion (D:4)
  A howler monkey (D:4)
  A crimson imp (D:5)
  2 centaur zombies (D:5)
  A hound (D:5)
  A human zombie (D:3)
  2 centaur skeletons
  An orc priest (D:3)
  A bullfrog skeleton (D:4)
  Ijyb (D:3)
  3 orc wizards
  2 iguanas
  4 worker ants
  2 howler monkey skeletons
  11 gnolls
  14 adders
  2 river rats (Sewer)
  4 oozes
  4 worms
  5 dart slugs
  3 leopard geckos
  25 orcs
  7 ball pythons
  7 bats
  9 giant cockroaches
  7 goblins
  9 hobgoblins
  8 kobolds
  A quokka (D:4)
  4 frilled lizards
  A leopard gecko skeleton (D:4)
  2 quokka skeletons
  23 rats
181 creatures vanquished.

Notes
Turn   | Place    | Note
-------+----------+-------------------------------------------
     0 | D:1      | AlphabetPasta the Troll Conjurer began the quest for the Orb.
     0 | D:1      | Reached XP level 1. HP: 16/16 MP: 1/1
    11 | D:1      | Reached skill level 3 in Conjurations
   129 | D:1      | Reached XP level 2. HP: 24/24 MP: 1/3
   133 | D:1      | Learned a level 2 spell: Searing Ray
   238 | D:1      | Reached skill level 1 in Unarmed Combat
   360 | D:1      | Reached XP level 3. HP: 30/31 MP: 0/4
   633 | D:1      | You fall through a shaft!
   910 | D:2      | Reached XP level 4. HP: 39/39 MP: 1/5
  1117 | D:2      | Found a blossoming altar of Fedhas.
  1269 | D:2      | Found an ancient bone altar of Kikubaaqudgha.
  1691 | D:2      | Found a shimmering altar of Xom.
  1818 | D:3      | Reached XP level 5. HP: 45/45 MP: 2/7
  1834 | D:3      | Reached skill level 4 in Conjurations
  1882 | D:3      | Found a glowing drain.
  1886 | Sewer    | Entered a sewer
  2263 | Sewer    | Reached XP level 6. HP: 53/53 MP: 1/8
  2662 | D:3      | Reached XP level 7. HP: 54/59 MP: 6/10
  3242 | D:3      | Noticed Ijyb
  3244 | D:3      | Found a runed door.
  3244 | D:3      | Noticed a human
  3252 | D:3      | Killed Ijyb
  3279 | D:3      | Found a basalt altar of Yredelemnul.
  3292 | D:3      | Killed a human
  3292 | D:3      | Reached skill level 1 in Fighting
  3292 | D:3      | Reached skill level 5 in Conjurations
  3677 | D:4      | Learned a level 3 spell: Conjure Flame
  4074 | D:4      | Reached skill level 1 in Fire Magic
  4074 | D:4      | Reached XP level 8. HP: 67/70 MP: 7/12
  4094 | D:4      | Noticed Menkaure
  4101 | D:4      | Killed Menkaure
  4322 | D:5      | Entered Level 5 of the Dungeon
  4484 | D:5      | Noticed Prince Ribbit
  4498 | D:5      | Killed Prince Ribbit
  4498 | D:5      | Reached skill level 6 in Conjurations
  4530 | D:5      | Found a stormy altar of Qazlal.
  4724 | D:5      | Found a snail-covered altar of Cheibriados.
  4983 | D:5      | Found an iron altar of Okawaru.
  5341 | D:5      | Reached XP level 9. HP: 79/79 MP: 14/14
  5776 | D:6      | Found a white marble altar of Elyvilon.
  5977 | D:6      | Mangled by a wyvern

Vault maps used:
D:1:      onia_arrival_larder, minmay_curled_crystal
D:2:      marbit_many_paths, tgw_xom, fedhas_altar_2, minmay_vboxes
D:3:      gup_sewer_entry_bowl, dk_yredelemnul_ordeal, uniq_iyjb
D:4:      first_bread, uniq_menkaure
D:5:      cheibrodos_worm_habitat, kennysheep_okawaru_gauntlet,
          kennysheep_little_box, uniq_prince_ribbit1
D:6:      grunt_dithmenos_smoke, elyvilon_altar_5,
          chequers_temple_overflow_minitemple, serial_shops, shop
Sewer:    sewer_co_tree

Skill      XL: |  1  2  3  4  5  6  7  8  9 |
---------------+----------------------------+-----
Conjurations   | 3 4 5 6 |  6.3
Unarmed Combat | 1 2 3 |  3.5
Spellcasting   | 2 3 4 |  4.5
Fighting       | 1 2 |  2.1
Fire Magic     | 1 2 3 |  3.0
Dodging        | 2 |  2.1
Stealth        | |  1.0

Action                   |  1- 3 |  4- 6 |  7- 9 || total
-------------------------+-------+-------+-------++-------
Melee: Unarmed           |   110 |   124 |    52 ||   286
       Punch             |       |     3 |     1 ||     4
       Staff             |       |       |   113 ||   113
 Cast: Magic Dart        |     8 |    21 |    87 ||   116
       Searing Ray       |     2 |    12 |    54 ||    68
  Use: Scroll            |     7 |       |    10 ||    17
       Potion            |       |       |     2 ||     2
 Stab: Sleeping          |     4 |       |       ||     4
  Eat: Chunk             |    14 |    17 |    36 ||    67
Armor: Robe              |    41 |    62 |    85 ||   188
Dodge: Dodged            |    50 |    73 |   112 ||   235
